[Event "*** Titled Tuesday Blitz"]
[Site "Chess.com"]
[Date "2018.12.04"]
[Round "6"]
[White "gkchesstiger"]
[Black "GMKrikor"]
[Result "1-0"]
[WhiteElo "2800"]
[BlackElo "2667"]
[TimeControl "180+2"]
[EndTime "14:21:23 PST"]
[Termination "gkchesstiger won by resignation"]

1. e4 c5 2. Nf3 d6 3. d4 cxd4 4. Nxd4 Nf6 5. Nc3 a6 6. a4 e5 7. Nf3 Be7 8. Bc4 O-O 9. O-O Be6 10. Qe2 Qc7 11. Bb3 Nc6 12. Rd1 Na5 13. Nd5 Bxd5 14. Bxd5 Nxd5 15. Rxd5 Rac8 16. b3 Nc6 17. c4 Rfd8 18.
Be3 Nb4 19. Rdd1 Qc6 20. Bd2 Qc5 21. a5 Bf6 22. Be3 Qc7 23. Bb6 Qe7 24. Bxd8 Rxd8 25. h3 g6 26. Qd2 Nc6 27. Qe3 Re8 28. Rd5 Nd4 29. Rd1 Kg7 30. Nxd4 exd4 31. R1xd4 Bxd4 32. Qxd4+ Kg8 33. Rxd6 Qg5 34. Qd2 Qe5 35. f3 h5 36. h4 Kh7 37. Rd7 Kg7 38. Qd4 Qxd4+ 39. Rxd4 Re5 40. b4 Re7 41. Kf2 Kf6 42. Ke3 1-0

[Event "*** Titled Tuesday Blitz"]
[Site "Chess.com"]
[Date "2018.12.04"]
[Round "6"]
[White "Evgeny81"]
[Black "grzechu96"]
[Result "0-1"]
[WhiteElo "2618"]
[BlackElo "2565"]
[TimeControl "180+2"]
[EndTime "14:21:23 PST"]
[Termination "grzechu96 won by resignation"]

1. Nf3 c5 2. c4 Nc6 3. g3 g6 4.
Bg2 Bg7 5. O-O e6 6. Nc3 Nge7 7.
d3 O-O 8. Rb1 d5 9. Bd2 b6 10.
a3 d4 11. Na2 a5 12. b3 e5 13. Qc2 f5 14. b4 axb4 15. axb4 Ra7 16. bxc5 bxc5 17. Rb5 Qd6 18. Rfb1 h6 19. Nc1 e4 20. Bf4 Qe6 21. Rxc5 exf3 22. Bxf3 Ne5 23. Bg2 Bd7 24. Nb3 Nf7 25. Rc7 Rxc7 26. Bxc7 Bc6 27.
Nc5 Qc8 28. Bxc6 Qxc7 29. Ne6 Qxc6 30. Nxf8 Bxf8 31. Rb8 Qd6 32. Qb3 Nc6 33. Ra8 Kg7 34.
Qb7 Be7 35. Ra6 Nfd8 36. Qc8 Kf7 37. Rb6 Qe6 38. Qb7 Nxb7 0-1

[Event "*** Titled Tuesday Blitz"]
[Site "Chess.com"]
[Date "2018.12.04"]
[Round "6"]
[White "Yeytruyol"]
[Black "731291"]
[Result "0-1"]
[WhiteElo "2473"]
[BlackElo "2596"]
[TimeControl "180+2"]
[EndTime "14:21:24 PST"]
[Termination "731291 won by resignation"]

1. d4 Nf6 2. Nf3 g6 3. c4 Bg7 4. Nc3 O-O 5. e4 d6 6. Be2 Nbd7 7. h3 e5 8. Be3 exd4 9. Nxd4 Re8 10. Qc2 Nc5 11.
f3 Nh5 12. O-O-O Ng3 13. Rhe1 a5 14. Bd3 a4 15. Kb1 Be6 16. Nxe6 Nxe6 17. Ne2 Nxe2 18. Rxe2 a3 19. c5 axb2 20. Bc4 Qe7 21. cxd6 cxd6 22. Qb3 Rec8 23. Bxe6 Qxe6 24. Qxe6 fxe6 25. Rc2 Rxc2 26. Kxc2 Rxa2 27. Rxd6 Ra1 28. Rd8+ Kf7 29. Rd7+ Ke8 30. Rxb7 Re1 31. Bg5 Bd4 32. Bd2 Rg1 33.
g4 e5 34. Rb8+ Kd7 35. h4 Rf1 36. Rb3 h5 37. gxh5 gxh5 38. Rb7+ Kc6 39. Rb3 Kc5 40.
Rb8 Rxf3 41. Rc8+ Kd6 42. Rb8 Rf1 43. Rb7 Rh1 44. Rb5 Rxh4 45. Rb6+ Bxb6 0-1

[Event "*** Titled Tuesday Blitz"]
[Site "Chess.com"]
[Date "2018.12.04"]
[Round "6"]
[White "Frolik67"]
[Black "matiss90"]
[Result "0-1"]
[WhiteElo "2629"]
[BlackElo "2431"]
[TimeControl "180+2"]
[EndTime "14:21:24 PST"]
[Termination "matiss90 won by checkmate"]

1. e4 c5 2. Nf3 d6 3. Bb5+ Bd7 4. Bxd7+ Qxd7 5. O-O Nf6 6. Re1 Nc6 7. c3 g5 8. d4 g4 9. Nh4 cxd4 10. cxd4 O-O-O 11. Nc3 h5 12. Be3 d5 13. Rc1 Nxe4 14. Qa4 Nxc3 15. Rxc3 Kb8 16. Rec1 Rc8 17. b4 a6 18. b5 axb5 19. Qxb5 e6 20. a4 Bd6 21. a5 Ne5 22. Qb3 Rxc3 23. Rxc3 Nc4 24. a6 Rc8 25. h3 gxh3 26. gxh3 b5 27. Nf3 b4 28. Rc2 f6 29. Nd2 Qb5 30. Ra2 Ka7 31. Kg2 Ka8 32. h4 Rg8+ 33. Kf3 e5 34. Qb1 Nxd2+ 35.
Bxd2 e4+ 36. Ke3 f5 37. f3 f4+ 38. Kf2 e3+ 39. Bxe3 fxe3+ 40. Kxe3 Qe8+ 41. Kf2 Bg3+ 42. Kf1 Qb5+ 43. Re2 Re8 44. Kg1 Qxe2 45. Qxb4 Qf2+ 46. Kh1 Qh2# 0-1

[Event "*** Titled Tuesday Blitz"]
[Site "Chess.com"]
[Date "2018.12.04"]
[Round "6"]
[White "JMatias"]
[Black "Andrew-FB00"]
[Result "1-0"]
[WhiteElo "2346"]
[BlackElo "1796"]
[TimeControl "180+2"]
[EndTime "14:21:24 PST"]
[Termination "JMatias won by checkmate"]

1. d4 Nf6 2. Nf3 e6 3. e3 b6 4. Bd3 Bb7 5. O-O Be7 6. c4 O-O 7.
Nc3 d5 8. b3 c5 9. Bb2 Nbd7 10.
Qe2 Rc8 11. Rfd1 Ne4 12. Rac1 Nxc3 13. Bxc3 Qc7 14. cxd5 exd5 15. dxc5 bxc5 16. Qc2 g6 17. Qb2 f5 18. Ne5 Nxe5 19. Bxe5 Qb6 20. Be2 Bf6 21. Bf3 Bxe5 22. Qxe5 d4 23. Bxb7 Qxb7 24. exd4 cxd4 25.
Qxd4 Rxc1 26. Rxc1 Rc8 27. Re1 Qc7 28. h4 a5 29. h5 Qc3 30. Qd5+ Kg7 31. Re7+ Kh6 32. Qd6 Qc1+ 33. Kh2 Kxh5 34. Rxh7+ Kg5 35. Qe7+ Kg4 36. Rh4# 1-0

[Event "*** Titled Tuesday Blitz"]
[Site "Chess.com"]
[Date "2018.12.04"]
[Round "6"]
[White "wadsy27"]
[Black "Satscho"]
[Result "1-0"]
[WhiteElo "2414"]
[BlackElo "2310"]
[TimeControl "180+2"]
[EndTime "14:21:27 PST"]
[Termination "wadsy27 won on time"]

1. c4 Nf6 2. g3 g6 3. Bg2 Bg7 4. Nc3 O-O 5. Nf3 d6 6. O-O Nc6 7. Rb1 a5 8. d3 e5 9. a3 Nd4 10. Nd2 c6 11. e3 Ne6 12. b4 axb4 13. axb4 d5 14. Bb2 Re8 15. b5 Ng5 16. h4 Ne6 17.
Qb3 d4 18. Nce4 Nxe4 19. Nxe4 c5 20. exd4 exd4 21. Ra1 Rxa1 22. Rxa1 f5 23. Nd2 f4 24. Ra8 fxg3 25. fxg3 Qc7 26. Ne4 b6 27. Bc1 Rf8 28. Qa3 Bb7 29. Rxf8+ Kxf8 30. Qa7 Be5 31. Ng5 Nxg5 32.
Qxb7 Qxb7 33. Bxb7 Nf7 34. Kg2 Nd6 35. Bd5 Nf5 36. g4 Nxh4+ 37. Kh3 g5 38. Bxg5 Ng6 39.
Be4 Kg7 40. Bd8 Nf4+ 41. Kh4 Ng6+ 42. Bxg6 hxg6 43. Bxb6 Bd6 44. Ba7 1-0

[Event "*** Titled Tuesday Blitz"]
[Site "Chess.com"]
[Date "2018.12.04"]
[Round "6"]
[White "kasparik_garik"]
[Black "Anar_Aliakbarov"]
[Result "1-0"]
[WhiteElo "2517"]
[BlackElo "2557"]
[TimeControl "180+2"]
[EndTime "14:21:31 PST"]
[Termination "kasparik_garik won by resignation"]

1. e4 c5 2. Nf3 e6 3. d3 Nc6 4. g3 Nf6 5. Bg2 d5 6. Qe2 Be7 7. e5 Nd7 8. h4 Qc7 9. Bf4 b5 10. Nbd2 Bb7 11. O-O O-O 12. Rfe1 a5 13. c3 a4 14. h5 b4 15. c4 dxc4 16. dxc4 a3 17. b3 Nd4 18. Nxd4 cxd4 19. Bxb7 Qxb7 20. Qe4 Qxe4 21.
Rxe4 d3 22. Rd4 Nc5 23. Ne4 Rfd8 24. Rxd8+ Rxd8 25. Nxc5 Bxc5 26. Rd1 f6 27. Kg2 Kf7 28. Kf3 g5 29. hxg6+ hxg6 30. exf6 Kxf6 31. Be3 Be7 32. Ke4 g5 33. Rxd3 Rc8 34. g4 Bc5 35. Bxc5 Rxc5 36.
Rd8 Re5+ 37. Kf3 Re1 38. Rd2 Rc1 39. Ke4 Rc3 40. Kd4 Rc1 41. Kc5 Rb1 42. Kxb4 Rb2 43. Rd8 Rxa2 44. Ra8 Ke5 45. Rxa3 Rxf2 46. Kc5 Kf4 47.
b4 e5 48. b5 e4 49. b6 Rb2 50.
Kc6 e3 51. b7 e2 52. Ra1 Kxg4 53. Kc7 Kf3 54. c5 g4 55. c6 g3 56. b8=Q Rxb8 57. Kxb8 Kf2 58. c7 e1=Q 59. Rxe1 Kxe1 60. c8=Q g2 61.
Qe6+ Kf1 62. Qf5+ Ke1 63. Qe4+ Kf1 64. Qf3+ Kg1 65. Kc7 1-0

[Event "*** Titled Tuesday Blitz"]
[Site "Chess.com"]
[Date "2018.12.04"]
[Round "6"]
[White "Shahinyan_ChessMood"]
[Black "Keaton87"]
[Result "0-1"]
[WhiteElo "2655"]
[BlackElo "2546"]
[TimeControl "180+2"]
[EndTime "14:21:32 PST"]
[Termination "Keaton87 won on time"]

1. c4 Nf6 2. Nc3 g6 3. g3 d5 4.
Bg2 d4 5. Nb1 Bg7 6. d3 O-O 7.
b4 e5 8. Nd2 a5 9. b5 Nbd7 10.
Ngf3 Re8 11. O-O Nc5 12. Nb3 Bf8 13. Nxc5 Bxc5 14. Bg5 Bf8 15. Qc1 Bg7 16. Nd2 h6 17.
Bxf6 Qxf6 18. c5 Qe7 19. Qc2 Kh7 20. Rfc1 f5 21. Rab1 h5 22. Qa4 h4 23. Nb3 Rd8 24. Nxa5 Qg5 25. Qb4 f4 26. Rf1 e4 27. Bxe4 fxg3 28.
fxg3 hxg3 29. Rf3 gxh2+ 30. Kh1 Bg4 31. Rf2 Be5 32. Nc4 Bg3 33. Rg2 Qh4 34. a3 Bh3 35. Bxb7 Bxg2+ 36. Bxg2 Rab8 37. b6 cxb6 38. cxb6 Re8 39. Qb2 Be1 40. Qc1 Rxe2 41. Bd5 Qf2 0-1

[Event "*** Titled Tuesday Blitz"]
[Site "Chess.com"]
[Date "2018.12.04"]
[Round "6"]
[White "nochewycandy"]
[Black "KRASAVCHIK2002"]
[Result "0-1"]
[WhiteElo "2272"]
[BlackElo "2386"]
[TimeControl "180+2"]
[EndTime "14:21:32 PST"]
[Termination "KRASAVCHIK2002 won by checkmate"]

1. c4 e5 2. g3 Nf6 3. Bg2 d5 4. cxd5 Nxd5 5. Nf3 Nc6 6. O-O Nb6 7. d3 Be7 8. a3 O-O 9. b4 Be6 10. Bb2 f6 11.
Nbd2 Qd7 12. Rc1 a5 13. b5 Nd8 14. a4 c6 15. d4 cxb5 16. dxe5 Nxa4 17. Ba1 Nc6 18. exf6 Bxf6 19. Bxf6 gxf6 20. Qc2 Rac8 21. Qb1 b4 22. Ne4 Kg7 23. Rfd1 Qe7 24. Qa1 b5 25.
Nfg5 b3 26. Qb1 fxg5 27. Nd6 Rcd8 28. Rxc6 Nc3 29. Qb2 b4 30. Rd3 a4 31. Nb5 Rxd3 32.
exd3 Bd7 33. Nxc3 Qe1+ 34. Bf1 Bxc6 35. Ne4+ Kh6 36. Nd6 Qc3 37. Qe2 b2 38. Qe6+ Qf6 39.
Qh3+ Kg7 40. Be2 Qxf2# 0-1

[Event "*** Titled Tuesday Blitz"]
[Site "Chess.com"]
[Date "2018.12.04"]
[Round "6"]
[White "Bad_left_hook"]
[Black "Mikhail_Golubev"]
[Result "1-0"]
[WhiteElo "2511"]
[BlackElo "2459"]
[TimeControl "180+2"]
[EndTime "14:21:33 PST"]
[Termination "Bad_left_hook won by resignation"]

1. d4 Nf6 2. c4 g6 3. Nc3 Bg7 4. e4 d6 5. Nf3 O-O 6. Be2 e5 7. O-O Nc6 8. d5 Ne7 9. Ne1 Ne8 10. Be3 f5 11. f3 f4 12. Bf2 g5 13. Nd3 Ng6 14. c5 Rf7 15. Kh1 Bf8 16. a4 h5 17.
a5 Nf6 18. a6 b6 19. cxb6 cxb6 20. Nb4 g4 21. Nc6 Qe8 22. Nb5 g3 23. Bg1 Bh3 24. gxh3 Nh4 25. Rf2 Qd7 26. Bf1 Nh7 27. Rg2 Ng5 28. hxg3 Nxg2 29. Bxg2 fxg3 30. f4 exf4 31. Qxh5 Rg7 32. Rf1 f3 33. Bxf3 Nxf3 34. Rxf3 Re8 35. Nc3 Be7 36. Kg2 Bg5 37. Bd4 Rf8 38. Rxf8+ 1-0

[Event "*** Titled Tuesday Blitz"]
[Site "Chess.com"]
[Date "2018.12.04"]
[Round "6"]
[White "ENEASZ"]
[Black "Antipov_Mikhail_Al"]
[Result "0-1"]
[WhiteElo "2601"]
[BlackElo "2789"]
[TimeControl "180+2"]
[EndTime "14:21:39 PST"]
[Termination "Antipov_Mikhail_Al won by resignation"]

1. e4 c5 2. c3 Nf6 3. e5 Nd5 4. d4 cxd4 5. Nf3 d6 6. cxd4 Nc6 7. Bc4 dxe5 8. Bxd5 Qxd5 9. Nc3 Qd6 10. d5 Nd4 11. Nxd4 exd4 12. Qxd4 e5 13. Qc4 Qa6 14. Qxa6 bxa6 15. Be3 Bd7 16. O-O f5 17. f4 e4 18.
Bd4 Kf7 19. Rac1 Bd6 20. g3 Rhc8 21. Rf2 Rc4 22. Be3 a5 23. Rfc2 Rac8 24. Bxa7 h6 25. Be3 Be7 26. Kf2 Bf6 27. h4 a4 28. a3 Kg6 29. Kg2 Kh5 30. Kh3 g5 31. hxg5 hxg5 32. fxg5 f4+ 33. Kg2 f3+ 34. Kf2 Be5 35. Rh1+ Kg6 36.
Rh6+ Kf5 37. Rc1 Rb8 38. Rc2 Rb3 39. g4+ Kxg4 40. g6 Bf5 41. d6 Rxb2 42. Rxb2 Rxc3 43. Rd2 Bg3+ 44. Kg1 Rxe3 45. Rd1 Re1+ 46. Rxe1 f2+ 0-1

[Event "*** Titled Tuesday Blitz"]
[Site "Chess.com"]
[Date "2018.12.04"]
[Round "6"]
[White "VerdeNotte"]
[Black "Mykola-Bortnyk"]
[Result "0-1"]
[WhiteElo "2841"]
[BlackElo "2850"]
[TimeControl "180+2"]
[EndTime "14:21:41 PST"]
[Termination "Mykola-Bortnyk won by resignation"]

1. e4 Nf6 2. d3 e5 3. g3 d5 4.
exd5 Nxd5 5. Nf3 Nc6 6. Bg2 Bc5 7. O-O O-O 8. Re1 f6 9. Nc3 Nxc3 10. bxc3 Kh8 11. Rb1 Bg4 12. h3 Bh5 13. g4 Bf7 14.
Rxb7 Bb6 15. Ng5 Bd5 16. Bxd5 Qxd5 17. c4 Qd7 18. Ne4 Nd8 19. Rxb6 axb6 20. a3 Ne6 21. Ng3 Rfd8 22. Bb2 Nd4 23. Re3 Qa4 24. Bxd4 Rxd4 25. g5 Qxa3 26. gxf6 gxf6 27. Qf3 Rf4 28. Qc6 Rg8 29. Kg2 Qa8 30. Qxa8 Rxa8 31. Ne4 Ra2 32. Re2 c6 33. Kg3 Ra8 34. Kg2 Kg7 35. c5 bxc5 36.
Nxc5 Rb4 37. Ne4 Kf7 38. Ng3 Ke6 39. Kf3 f5 40. Re1 Ra2 41. c4 Rb3 42. Ke3 f4+ 43.
Ke4 fxg3 44. fxg3 Rbb2 45. Ke3 Rg2 46. Kf3 Raf2+ 47. Kg4 Rf4+ 48. Kh5 Rxg3 0-1

[Event "*** Titled Tuesday Blitz"]
[Site "Chess.com"]
[Date "2018.12.04"]
[Round "6"]
[White "Ali_rastbod"]
[Black "Gr3egor"]
[Result "1-0"]
[WhiteElo "2584"]
[BlackElo "2499"]
[TimeControl "180+2"]
[EndTime "14:21:42 PST"]
[Termination "Ali_rastbod won on time"]

1. d4 Nf6 2. Bg5 d5 3. Nd2 e6 4. e3 h6 5. Bh4 c5 6. c3 Nc6 7.
Ngf3 Bd6 8. Bd3 O-O 9. dxc5 Bxc5 10. e4 Be7 11. Qe2 dxe4 12. Nxe4 Nxe4 13. Bxe7 Qxe7 14. Bxe4 Bd7 15. O-O Rfd8 16. Rfd1 Be8 17. Rxd8 Rxd8 18. Rd1 b6 19. h3 Kf8 20. Bxc6 Bxc6 21. Ne5 Bb7 22. a3 Qc7 23. Rxd8+ Qxd8 24. Qd3 Qc7 25. Qd4 Ke7 26. Nd3 f6 27. Nf4 Kf7 28. Qe3 Qc6 29.
f3 Qd6 30. Kf2 e5 31. Nd3 Qd5 32. Nb4 Qb3 33. Qd2 Qe6 34. Nc2 a5 35. Ne3 Qc6 36. Qd8 b5 37. Nf5 Qc5+ 38. Kg3 Bd5 39. Qd7+ Kg6 40. Ne7+ Kh7 41. Nxd5 1-0

[Event "*** Titled Tuesday Blitz"]
[Site "Chess.com"]
[Date "2018.12.04"]
[Round "6"]
[White "RiskyDecision"]
[Black "MatyChess1"]
[Result "1-0"]
[WhiteElo "2419"]
[BlackElo "2519"]
[TimeControl "180+2"]
[EndTime "14:21:46 PST"]
[Termination "RiskyDecision won on time"]

1. d4 Nf6 2. c4 e6 3. g3 Bb4+ 4. Bd2 a5 5. Bg2 d6 6. Nc3 Nbd7 7. Nf3 e5 8. O-O e4 9. Ng5 Bxc3 10. bxc3 Qe7 11. Qc2 Nb6 12. Nxe4 Nxe4 13. Bxe4 Nxc4 14. Qa4+ Kd8 15. Qxc4 Qxe4 16. Qxf7 Bh3 17. f3 Qxe2 18.
Bg5+ Kc8 19. Rf2 Qe6 20. Qxg7 Rg8 21. Qf6 Qc4 22. Re1 b6 23. Bf4 Kb7 24. g4 Raf8 25. Qh6 Bxg4 26. fxg4 Rxg4+ 27. Bg3 Rxf2 28. Kxf2 Qxc3 29. Qe3 Qc2+ 30. Re2 Qf5+ 31. Qf3+ Qxf3+ 32. Kxf3 Rxd4 33. Re7 h5 34. Rh7 Rd2 35. a4 Rd4 36. h4 Rxa4 37. Rxh5 Rd4 38. Rb5 a4 39. h5 a3 40. Rb1 Rd5 41. Kg4 Rd4+ 42. Bf4 1-0

[Event "*** Titled Tuesday Blitz"]
[Site "Chess.com"]
[Date "2018.12.04"]
[Round "6"]
[White "GulamaliRises"]
[Black "sergeikim"]
[Result "0-1"]
[WhiteElo "2648"]
[BlackElo "2464"]
[TimeControl "180+2"]
[EndTime "14:21:47 PST"]
[Termination "sergeikim won by checkmate"]

1. e4 e5 2. Nf3 Nc6 3. Bb5 a6 4. Ba4 Nf6 5. O-O Be7 6. Re1 b5 7. Bb3 O-O 8. c3 d5 9. d4 Nxe4 10. dxe5 Be6 11. Nbd2 Nc5 12. Bc2 d4 13. Nb3 dxc3 14.
bxc3 Qxd1 15. Rxd1 Na4 16. Bd2 Rad8 17. Nbd4 Bd5 18.
Nxc6 Bxc6 19. Nd4 Bd5 20. Bxa4 bxa4 21. c4 Be4 22. Be3 c5 23. Ne2 Bd3 24. Ng3 g6 25. Rac1 h5 26. Rc3 Be4 27. Rdc1 Bd3 28. f4 h4 29. Nh1 Bf5 30. Nf2 Rb8 31. Ra3 Rb4 32.
g4 hxg3 33. hxg3 Rd8 34. g4 Be6 35. Rac3 Rb2 36. R1c2 Rb1+ 37. Kg2 Rdb8 38. Kf3 R8b2 39. Ke4 Rxc2 40. Rxc2 a3 41. f5 gxf5+ 42. gxf5 Bd7 43. Nd3 Bc6+ 44. Kf4 Rd1 45. Nxc5 Rb1 46. Nd3 Rd1 47. Rd2 Rf1+ 48. Rf2 Rg1 49. Bc5 Bg5# 0-1

[Event "*** Titled Tuesday Blitz"]
[Site "Chess.com"]
[Date "2018.12.04"]
[Round "6"]
[White "djano"]
[Black "chess4life23"]
[Result "0-1"]
[WhiteElo "2337"]
[BlackElo "2393"]
[TimeControl "180+2"]
[EndTime "14:21:47 PST"]
[Termination "chess4life23 won by resignation"]

1. c4 e5 2. Nc3 Nc6 3. Nf3 d6 4. g3 Be6 5. d3 Be7 6. Bg2 Qc8 7. h3 h6 8. Nd5 Bd8 9. b4 Nce7 10. Bb2 Nxd5 11. cxd5 Bxd5 12. O-O Nf6 13. Kh2 O-O 14. e4 Be6 15. d4 Nxe4 16. dxe5 dxe5 17. Nxe5 Nd6 18. Rc1 Bf6 19. f4 Rd8 20. Qf3 c6 21. a4 Bd5 22. Qe2 Bxg2 23. Qxg2 Qf5 24. Rfe1 Re8 25.
Rc5 Qe6 26. Rd1 Nf5 27. Qe4 Qb3 28. Rd2 Qxg3+ 29. Kh1 Qxh3+ 30. Kg1 Ng3 31. Qf3 Rad8 32. Rh2 Qf5 33. Qxg3 Qb1+ 34. Rc1 Rd1+ 35. Rxd1 Qxd1+ 36. Kg2 Rd8 37. Bc3 Bxe5 38. fxe5 Rd3 39. Qe1 Qc2+ 40. Kh1 Qxc3 41. Qxc3 Rxc3 42. Rd2 Rc4 43. Rd8+ Kh7 44. Rd7 Rxb4 45. Rxf7 Rxa4 46. Rxb7 Re4 47. Rxa7 Rxe5 0-1

[Event "*** Titled Tuesday Blitz"]
[Site "Chess.com"]
[Date "2018.12.04"]
[Round "6"]
[White "Korchmar_Vasiliy"]
[Black "Rakhmanov_Aleksandr"]
[Result "1-0"]
[WhiteElo "2753"]
[BlackElo "2792"]
[TimeControl "180+2"]
[EndTime "14:21:53 PST"]
[Termination "Korchmar_Vasiliy won by checkmate"]

1. d4 Nf6 2. c4 d6 3. Nc3 e5 4. Nf3 e4 5. Nd2 Bf5 6. h3 h5 7. g3 c6 8. Qb3 Qd7 9. Bg2 d5 10.
f3 Bd6 11. Nf1 exf3 12. Bxf3 dxc4 13. Qxc4 Bxh3 14. Bg5 Na6 15. Bxf6 gxf6 16. d5 cxd5 17. Nxd5 Be5 18. Qh4 Bxf1 19. Nxf6+ Bxf6 20. Qxf6 Rg8 21. Kxf1 Nc5 22. Rxh5 Ne6 23. Rc1 Qe7 24. Qe5 Rd8 25. Kf2 b6 26. Rh8 Kf8 27. Rc4 Qd6 28. Rxg8+ Kxg8 29. Rg4+ Kf8 30. Qf6 Qc5+ 31. Kg2 Rd1 32. Kh3 Rd4 33.
Qh6+ Ke7 34. Rg8 Qf5+ 35. Kg2 Rd1 36. Qh4+ f6 37. Qa4 Rd7 38. Ra8 Nc5 39. Qh4 Ne6 40.
Qh8 Ng5 41. Qf8+ Ke6 42. Re8+ Re7 43. Qxe7# 1-0

[Event "*** Titled Tuesday Blitz"]
[Site "Chess.com"]
[Date "2018.12.04"]
[Round "6"]
[White "nurmiTV"]
[Black "cool4chess"]
[Result "0-1"]
[WhiteElo "2453"]
[BlackElo "2255"]
[TimeControl "180+2"]
[EndTime "14:21:53 PST"]
[Termination "cool4chess won on time"]

1. c4 e5 2. Nc3 Nf6 3. g3 Nc6 4. Bg2 Bc5 5. e3 d5 6. cxd5 Nb4 7. d4 exd4 8. exd4 Bb6 9. Nge2 O-O 10. Nf4 Re8+ 11.
Be3 Bxd4 12. O-O Bxe3 13. fxe3 Rxe3 14. Rc1 Re8 15. Nh5 Nxh5 16. Qxh5 g6 17. Qh6 Bf5 18. g4 Bxg4 19. Qf4 Nd3 20. Qxg4 Nxc1 21. Rxc1 Qe7 22. Rf1 Qe3+ 23. Kh1 h5 24. Qd7 Re7 25. Qb5 Qb6 26.
Qd3 Qxb2 27. Ne4 Kg7 28. d6 cxd6 29. Qxd6 Qe5 30. Qd2 Rc8 31. Ng3 Rec7 32. Qf2 Qe6 33. Qxa7 b6 34. Qa3 Rc3 35. Qb2 Kg8 36. Ne4 Rc2 37.
Nf6+ Kf8 38. Qa3+ R2c5 39. Ne4 Kg7 40. Nxc5 Rxc5 41. Qb2+ Kg8 42. Qf2 Rf5 43. Qd2 Rxf1+ 44. Bxf1 Qe4+ 45. Bg2 Qb1+ 0-1

[Event "*** Titled Tuesday Blitz"]
[Site "Chess.com"]
[Date "2018.12.04"]
[Round "6"]
[White "lucasmito"]
[Black "LuisFSiles"]
[Result "1-0"]
[WhiteElo "2359"]
[BlackElo "2215"]
[TimeControl "180+2"]
[EndTime "14:21:56 PST"]
[Termination "lucasmito won on time"]

1. e4 e5 2. Nf3 Nc6 3. Bb5 Nf6 4. O-O Nxe4 5. Re1 Nd6 6. Bxc6 dxc6 7. Nxe5 Be7 8. d4 O-O 9. Nc3 Nf5 10. Be3 Bf6 11. Ne4 Be7 12. c3 Nxe3 13. Rxe3 Be6 14.
Qd3 f6 15. Nf3 Qd7 16. b3 Rae8 17. Rae1 Bd5 18. h3 f5 19. Ned2 f4 20. R3e2 Bf6 21.
Ne5 Qd6 22. Ndc4 Qd8 23. Nd2 Qd6 24. Ndf3 Bxf3 25. Nxf3 Rxe2 26. Qxe2 c5 27. Qc4+ Kh8 28. Re6 Qd7 29. dxc5 Qd1+ 30. Re1 Qc2 31. Qxf4 Qxc3 32. Rc1 Qb2 33. Qd2 Qxd2 34. Nxd2 Bg5 35. Rc2 Rd8 36. Nf3 Bf4 37. g3 Rd1+ 38. Kg2 Bc1 39.
Re2 Kg8 40. Re7 c6 41. Rxb7 Ba3 42. Ne5 h6 43. h4 Bxc5 44. Rb8+ Kh7 45. h5 1-0

[Event "*** Titled Tuesday Blitz"]
[Site "Chess.com"]
[Date "2018.12.04"]
[Round "6"]
[White "penguingm1"]
[Black "Msb2"]
[Result "1-0"]
[WhiteElo "2781"]
[BlackElo "2742"]
[TimeControl "180+2"]
[EndTime "14:22:01 PST"]
[Termination "penguingm1 won by checkmate"]

1. d4 Nf6 2. c4 e6 3. Nc3 Bb4 4.
Qc2 d5 5. cxd5 exd5 6. Bg5 h6 7. Bh4 g5 8. Bg3 Nc6 9. e3 h5 10. h3 Ne4 11. Bh2 Bf5 12. Bd3 Qf6 13. Ne2 O-O-O 14. a3 Bxc3+ 15. Nxc3 Rhe8 16. O-O-O Kb8 17. Nb5 Rc8 18.
f3 Nd6 19. Nxd6 cxd6 20. Bxf5 Na5 21. Bxc8 Rxc8 22. Qxc8+ Kxc8 23. Rd3 Kd7 24. Rc3 Qe6 25. Re1 f5 26. b3 Nc6 27. Kd2 Qf6 28. Rd3 Qd8 29. b4 a6 30. Ke2 Qf6 31. Kf1 Qg6 32. Rd2 Ne7 33. Rc1 Nc6 34. Rdc2 g4 35. Bf4 Qe8 36.
h4 Ke6 37. Kf2 Qe7 38. Bg5 Qh7 39. a4 Nxb4 40. Rc7 Nd3+ 41. Kg3 f4+ 42. exf4 Qg8 43. Re7+ Kf5 44. Rcc7 gxf3 45. gxf3 Nxf4 46. Rf7+ Kg6 47.
Rf6# 1-0

[Event "*** Titled Tuesday Blitz"]
[Site "Chess.com"]
[Date "2018.12.04"]
[Round "6"]
[White "ValeriyGrinev"]
[Black "Muguet7"]
[Result "0-1"]
[WhiteElo "2545"]
[BlackElo "2453"]
[TimeControl "180+2"]
[EndTime "14:22:03 PST"]
[Termination "Muguet7 won by resignation"]

1. d4 Nf6 2. Nf3 e6 3. e3 b6 4. Bd3 Bb7 5. O-O c5 6. c4 Be7 7. Nc3 d5 8. cxd5 exd5 9. Ne5 O-O 10. f4 Nc6 11. Bb1 cxd4 12. Nxc6 Bxc6 13. exd4 Ne4 14. Be3 f5 15. Bxe4 fxe4 16. f5 Bg5 17. Qd2 Bxe3+ 18. Qxe3 Qd7 19. Qg5 Rf6 20. Rf4 Raf8 21.
Raf1 Qd6 22. a3 Bd7 23. g4 b5 24. Qh4 a5 25. Qg3 b4 26. axb4 axb4 27. Nd1 Bb5 28. R1f2 Qb6 29. Rd2 Bd3 30. Qf2 Rc6 31. g5 Rc4 32. b3 Rc1 33. f6 gxf6 34. Rxf6 Rxf6 35. gxf6 Kf7 36. Qh4 Qxd4+ 37. Kg2 Bf1+ 38. Kg3 Qxd2 39. Qxh7+ Kxf6 40. Qh8+ Ke6 41. Qe8+ Kd6 42. Qd8+ Kc5 43. Qc7+ Kd4 44. Qa7+ Kd3 45. Nf2+ Kc3 46. Ng4 Qg2+ 47.
Kh4 Kb2 48. Ne3 Qf2+ 49. Kg5 Qd2 50. Kf6 d4 51. Nf5 Rc6+ 52. Ke5 e3 53. Nxd4 e2 54. Nxc6 e1=Q+ 55. Kf6 Qdf2+ 56. Kg7 Qxa7+ 57. Nxa7 Qe5+ 0-1

[Event "*** Titled Tuesday Blitz"]
[Site "Chess.com"]
[Date "2018.12.04"]
[Round "6"]
[White "Thjop"]
[Black "schoolmeester"]
[Result "1-0"]
[WhiteElo "2681"]
[BlackElo "2741"]
[TimeControl "180+2"]
[EndTime "14:22:04 PST"]
[Termination "Thjop won by resignation"]

1. e4 Nc6 2. Nc3 e6 3. d4 d5 4.
Nf3 Nf6 5. e5 Ne4 6. Bd3 Bb4 7.
Bd2 Nxd2 8. Qxd2 f6 9. Bb5 O-O 10. Bxc6 bxc6 11. a3 Be7 12. O-O c5 13. dxc5 Bxc5 14.
b4 Bb6 15. Na4 Bd7 16. Nc5 Qe7 17. Qd4 a5 18. c3 axb4 19. axb4 Bb5 20. Rfe1 Rxa1 21. Rxa1 f5 22. h4 h6 23. g3 Be8 24.
Ne1 g5 25. hxg5 hxg5 26. Ned3 Bh5 27. Kg2 Qh7 28. f4 Bg4 29. Nf2 Qh5 30. Qe3 gxf4 31. Qxf4 Bxc5 32. bxc5 Kg7 33. Rh1 Qg6 34. Rh4 Be2 35. Qe3 Bg4 36. Nd3 Ra8 37. Qd2 Ra3 38. Nf4 Qf7 39. Rh1 Kf8 40. Rb1 Qd7 41. Qb2 Qa4 42. Qb8+ Ke7 43. Qxc7+ Qd7 44. Qd6+ Qxd6 45. exd6+ Kf6 46. c6 Rxc3 47. c7 Bf3+ 48. Kg1 1-0

[Event "*** Titled Tuesday Blitz"]
[Site "Chess.com"]
[Date "2018.12.04"]
[Round "6"]
[White "GMMatamoros"]
[Black "Zarikovs1999"]
[Result "1-0"]
[WhiteElo "2512"]
[BlackElo "2354"]
[TimeControl "180+2"]
[EndTime "14:22:05 PST"]
[Termination "GMMatamoros won by checkmate"]

1. Nf3 Nf6 2. c4 e6 3. g3 d5 4. Bg2 Be7 5. O-O O-O 6. b3 c5 7. cxd5 Nxd5 8. Bb2 Nc6 9. d4 cxd4 10. Nxd4 Nxd4 11. Qxd4 Bf6 12. Qd2 Bxb2 13. Qxb2 Bd7 14. Bxd5 exd5 15. Qd4 Be6 16. Nc3 b6 17. Rfd1 Re8 18.
Rd2 Rc8 19. Rad1 h6 20. Rd3 Rc5 21. b4 Rc8 22. a3 Qe7 23. Re3 Qc7 24. Nxd5 Bxd5 25.
Rxe8+ Rxe8 26. Qxd5 Rxe2 27. Qd8+ Qxd8 28. Rxd8+ Kh7 29.
Rd7 a5 30. bxa5 bxa5 31. Rxf7 Ra2 32. Rf3 Kg6 33. h4 a4 34. Kg2 Kh5 35. Kh3 g5 36. g4+ Kg6 37. h5+ Kg7 38. Kg2 Kg8 39. Rc3 Kg7 40. Kg3 Kf6 41. Rc6+ Kg7 42. Rc3 Kf6 43. f4 gxf4+ 44. Kxf4 Rf2+ 45. Rf3 Rb2 46. Kg3+ Kg7 47. Kf4 Rb3 48. Re3 Kf6 49. Ke4 Kg5 50. Rxb3 axb3 51. Kd3 b2 52. Kc2 Kxg4 53. a4 Kxh5 54. a5 Kg4 55. a6 h5 56. a7 h4 57. a8=Q b1=Q+ 58. Kxb1 Kg3 59. Qh1 h3 60. Kc2 h2 61.
Kd3 Kh3 62. Ke4 Kg3 63. Ke3 Kh3 64. Kf4 Kh4 65. Qxh2# 1-0

[Event "*** Titled Tuesday Blitz"]
[Site "Chess.com"]
[Date "2018.12.04"]
[Round "6"]
[White "kacprekt"]
[Black "HanSchut"]
[Result "1/2-1/2"]
[WhiteElo "2395"]
[BlackElo "2325"]
[TimeControl "180+2"]
[EndTime "14:22:08 PST"]
[Termination "Game drawn by agreement"]

1. d4 Nf6 2. c4 g6 3. Nc3 d5 4. Nf3 Bg7 5. h4 c6 6. cxd5 cxd5 7. Bf4 Nc6 8. e3 Bf5 9. Qb3 Na5 10. Bb5+ Kf8 11. Qa3 a6 12. Be2 Nc4 13. Bxc4 dxc4 14.
Ne5 b5 15. Nc6 Qd7 16. Nxe7 Ke8 17. Nxf5 gxf5 18. Qc5 Rc8 19. Qe5+ Kf8 20. Qd6+ Qxd6 21. Bxd6+ Kg8 22. h5 h6 23. Be5 Ne4 24. Bxg7 Kxg7 25. Nxe4 fxe4 26. Rh4 f5 27. Rf4 Rhf8 28. Kd2 Kf6 29.
Rh1 Kg5 30. g3 b4 31. Rhh4 c3+ 32. bxc3 Rxc3 33. Ke2 Ra3 34. Kf1 Rxa2 35. Kg2 Ra5 36. Rh1 Rb5 37. g4 b3 38. gxf5 Rfxf5 39. Rxe4 b2 40. Rb1 a5 41. f4+ Kf6 42. Re8 Kf7 43.
Ra8 Rf6 44. Kf3 Rfb6 45. Ke4 Rb8 46. Ra7+ R8b7 47. Ra8 Rb8 48. Ra6 R8b6 49. Ra7+ Rb7 50. Ra8 Rb8 51. Ra6 R8b6 52. Ra7+ Rb7 53. Ra6 1/2-1/2